 Dungeon Crawl Stone Soup version 0.27-a0-811-ga052575696 (webtiles) character file.

Game seed: 8848399283651048465

40 Alado the Conjurer (level 3, -6/28 HPs)
             Began as a Draconian Conjurer on Jan 13, 2021.
             Mangled by a gnoll
             ... wielding a +0 spear
              (7 damage)
             ... on level 2 of the Dungeon on Mar 29, 2021.
             The game lasted 00:06:42 (1601 turns).

Alado the Conjurer (Draconian Conjurer)             Turns: 1601, Time: 00:06:43

Health: -6/28      AC:  5    Str:  9    XL:     3   Next: 30%
Magic:  2/6        EV: 12    Int: 19    God:
Gold:   44         SH:  0    Dex:  9    Spells: 3/6 levels left

rFire    . . .     SeeInvis .   a - +0 mace
rCold    . . .     Faith    .   (no shield)
rNeg     . . .     Spirit   .   (armour unavailable)
rPois    .         Reflect  .   (helmet restricted)
rElec    .         Harm     .   (no cloak)
rCorr    .         Rampage  .   (no gloves)
Will     .....                  (no boots)
Stlth    ++........             (no amulet)
HPRegen  0.09/turn              (no ring)
MPRegen  0.10/turn              (no ring)

@: no status effects
A: AC +5, unfitting armour, cold-blooded
a: no special abilities


You were on level 2 of the Dungeon.
You visited 1 branch of the dungeon, and saw 2 of its levels.

You collected 44 gold pieces.

Inventory:

Hand Weapons
 a - a +0 mace (weapon)
 c - a +0 flail
Jewellery
 b - a ring of positive energy {unknown}


   Skills:
 * Level 1.5 Fighting
 + Level 0.4 Maces & Flails
 + Level 2.0 Dodging
 + Level 1.7 Stealth
 + Level 0.4 Unarmed Combat
 + Level 2.1 Spellcasting
 + Level 4.4 Conjurations


You had 3 spell levels left.
You knew the following spells:

 Your Spells              Type           Power      Damage    Failure   Level
a - Magic Dart            Conj           76%        1d6       2%          1
b - Searing Ray           Conj           38%        3d4       4%          2

Your spell library contained the following spells:

 Spells                   Type           Power      Damage    Failure   Level
 Dazzling Flash           Conj/Hex       20%        N/A       21%         3
 Fulminant Prism          Conj/Hex       5%         3d7       54%         4
 Iskenderun's Mystic Bla  Conj/Tloc      10%        2d4       54%         4


Dungeon Overview and Level Annotations

Branches:
Dungeon (2/15)

Altars:


Innate Abilities, Weirdness & Mutations

Your plain brown scales are hard. (AC +5)
You cannot fit into any form of body armour.
You are cold-blooded and may be slowed by cold attacks.


Message History

c - a +0 flail The gnoll shouts!
Sorry, you're not good enough to have a special ability.
Unknown command.
You barely miss the gnoll.
The gnoll is moderately wounded.
The gnoll misses you.
You hit the gnoll but do no damage.
Your tail-slap misses the gnoll.
The gnoll is moderately wounded.
The gnoll barely misses you.
You hit the gnoll but do no damage.
The gnoll is moderately wounded.
A gnoll comes into view. It is wielding a +0 spear.
The gnoll hits you with a +0 whip. The gnoll closely misses you.
You closely miss the gnoll.
Your tail-slap misses the gnoll.
The gnoll is moderately wounded.
The gnoll closely misses you.
The gnoll hits you from afar with a +0 spear.
You barely miss the gnoll.
The gnoll is moderately wounded.
The gnoll hits you with a +0 whip.
The gnoll hits you from afar with a +0 spear!
* * * LOW HITPOINT WARNING * * *
You closely miss the gnoll.
The gnoll is moderately wounded.
The gnoll hits you with a +0 whip.
* * * LOW HITPOINT WARNING * * *
The gnoll hits you but does no damage. The gnoll barely misses you. x2
You hit the gnoll.
The gnoll is severely wounded.
The gnoll misses you.
The gnoll hits you from afar with a +0 spear.
* * * LOW HITPOINT WARNING * * *
You closely miss the gnoll.
The gnoll is heavily wounded.
The gnoll completely misses you. The gnoll barely misses you.
You hit the gnoll.
You kill the gnoll!
The gnoll hits you from afar with a +0 spear!
You die...

.... ###.. ###
...... ..##
#.<.# ...####
#...#.......
...######..<.#
........g.#.##
#.#.###)### ..
#...# #@# .g.
....###.# g..
#.#.....# ..
#.#.#.#.# >
#.#.#.#.#
###.#.#.#.#
#...#.....#
######.......###
.........#..##


You could see a gnoll.

Vanquished Creatures
  2 gnolls (D:2)
  A dart slug (D:1)
  2 removed leopard geckos (D:1)
  A giant cockroach (D:1)
  5 goblins (D:1)
  A hobgoblin (D:1)
  2 jackals (D:1)
  4 bats (D:1)
  A frilled lizard (D:1)
  2 kobolds (D:1)
  5 rats (D:1)
26 creatures vanquished.

Notes
Turn   | Place    | Note
-------+----------+-------------------------------------------
     0 | D:1      | Alado the Draconian Conjurer began the quest for the Orb.
     0 | D:1      | Reached XP level 1. HP: 14/14 MP: 3/3
   644 | D:1      | Reached XP level 2. HP: 14/20 MP: 0/5
   647 | D:1      | Learned a level 2 spell: Searing Ray
  1319 | D:1      | Reached XP level 3. HP: 27/27 MP: 1/6
  1500 | D:1      | Upgraded the game from 0.27-a0-76-ga51d4ba9de to
                  | 0.27-a0-811-ga052575696
  1591 | D:2      | Reached skill level 1 in Fighting
  1599 | D:2      | HP: 1/28 [gnoll/+0 spear (6)]
  1601 | D:2      | Mangled by a gnoll

Illustrated notes

Levels and vault maps discovered:
D:1:      minmay_arrival_widening_spiral_wide, layout_loops_corners,
          serial_bayou_pond_a, minmay_misc_feat_tiny,
          hangedman_decor_diamond_cutter
D:2:      layout_loops_ring

Skill      XL: |  1  2  3 |
---------------+----------+-----
Dodging        | 2 |  2.0
Fighting       | 1 |  1.5
Maces & Flails | |  0.4
Stealth        | |  1.7
Unarmed Combat | |  0.4
Spellcasting   | |  2.1
Conjurations   | |  4.4

Action                   || total
-------------------------++-------
Melee: Mace              ||    41
       Unarmed           ||     5
       Tailslap          ||     2
 Cast: Magic Dart        ||    46
  Use: Potion            ||     2
       Scroll            ||     1
Armor: Skin              ||    17
Dodge: Dodged            ||    46

Table legend: (Time is in decaauts)
 A = Elapsed time spent in this place.
 B = Non-inter-level travel time spent in this place.
 C = Inter-level travel time spent in this place.
 D = Time resting spent in this place.
 E = Time spent auto-exploring this place.
 F = Levels seen in this place.
 G = Mean time per level.
                   A        B        C        D        E       F      G
               +--------+--------+--------+--------+--------+-----+--------+
         Total |   1618 |   1569 |     49 |    383 |   1014 |   2 |  809.0 |
       Dungeon |   1618 |   1569 |     49 |    383 |   1014 |   2 |  809.0 |
               +--------+--------+--------+--------+--------+-----+--------+

Top non-repeatable levels by time:
     D:1: 1562 daAuts
     D:2: 56 daAuts
